 Dungeon Crawl Stone Soup version 0.30-a0-723-gc1506a1cf0 (webtiles) character file.

Game seed: 12402697200528510360

82 ASSMAN the Covert (level 4, 0/34 HPs)
             Began as a Vampire Delver on Jan 29, 2023.
             Slain by a phantom (3 damage)
             ... on level 4 of the Dungeon.
             The game lasted 00:00:39 (111 turns).

ASSMAN the Covert (Vampire Delver)                   Turns: 111, Time: 00:00:40

Health: 0/34       AC:  3    Str: 11    XL:     4   Next: 21%
Magic:  4/4        EV: 12    Int: 12    God:
Gold:   0          SH:  0    Dex: 17    Spells: 3/3 levels left

rFire   . . .      SeeInvis +    a - +0 short sword
rCold   . . .      Faith    .    (no shield)
rNeg    . . .      Spirit   .    b - +0 leather armour
rPois   .          Reflect  .    (no helmet)
rElec   .          Harm     .    (no cloak)
rCorr   .          Rampage  .    (no gloves)
Will    .....                    (no boots)
Stlth   ++++                     (no amulet)
HPRegen 0.45/turn                (no ring)
MPRegen 0.09/turn                (no ring)

@: attractive, healing quickly
A: alive, fangs 3, see invisible, vampiric 2
a: Exsanguinate


You were on level 4 of the Dungeon.
You visited 1 branch of the dungeon, and saw 2 of its levels.

Inventory:

Hand Weapons
 a - a +0 short sword (weapon)
Armour
 b - a +0 leather armour (worn)
Wands
 g - a wand of digging (3)
Scrolls
 c - a scroll of fog
 d - a scroll of magic mapping
Potions
 f - a potion of haste


   Skills:
 - Level 2.6 Fighting
 + Level 3.8 Short Blades
 - Level 2.1 Dodging
 + Level 8.6 Stealth


You had 3 spell levels left.
You didn't know any spells.
Your spell library was empty.

Dungeon Overview and Level Annotations

Branches:
Dungeon (5/15)
 Temple: D:4-7

Altars:


Innate Abilities, Weirdness & Mutations

Your natural rate of healing is accelerated.
You have razor-sharp teeth.
You have supernaturally acute eyesight. (SInv)
You are afflicted with vampirism and can become a bat while bloodless.


Message History

Found a scroll labelled OWKO NIFRENT.
The jackal barks!
You hit the phantom but do no damage.
The phantom is heavily damaged.
The jackal misses you.
The jackal bites you but does no damage.
You hit the phantom.
The phantom is heavily damaged.
The phantom hits you.
* * * LOW HITPOINT WARNING * * *
The jackal bites you.
* * * LOW HITPOINT WARNING * * *
You miss the phantom.
The phantom is heavily damaged.
The phantom hits you.
* * * LOW HITPOINT WARNING * * *
The jackal bites you but does no damage.
You hit the phantom but do no damage. Your bite misses the phantom.
The phantom is heavily damaged.
The jackal closely misses you. The jackal barely misses you.
The phantom hits you.
* * * LOW HITPOINT WARNING * * *
The phantom blinks!
You blink.
You closely miss the phantom.
The phantom is heavily damaged.
The phantom closely misses you.
You hit the phantom.
The phantom is severely damaged.
The jackal barely misses you. The jackal closely misses you.
The phantom barely misses you.
You hit the phantom but do no damage.
The phantom is severely damaged.
The jackal closely misses you. The jackal bites you.
* * * LOW HITPOINT WARNING * * *
It was a potion of attraction.
You feel attractive to monsters. The jackal bites you.
* * * LOW HITPOINT WARNING * * *
The phantom hits you.
You die...

+ ########'#### ...
#...........#
....##...........#
..?........(.....#
....................
...........##.......
..........h###.......
.........hh# .......
.........W@# ......
####.......#
#########


You could see a phantom and 3 jackals.

Vanquished Creatures
  An ogre (D:5)
1 creature vanquished.

Notes
Turn   | Place    | Note
-------+----------+-------------------------------------------
     0 | D:5      | ASSMAN the Vampire Delver began the quest for the Orb.
     0 | D:5      | Reached XP level 1. HP: 17/17 MP: 1/1
    16 | D:5      | Noticed an ogre
    16 | D:5      | Noticed a hound
    22 | D:5      | Noticed a centaur
    26 | D:5      | Killed an ogre
    27 | D:5      | Reached skill level 8 in Stealth
    27 | D:5      | Reached XP level 2. HP: 14/23 MP: 2/2
    27 | D:5      | Gained mutation: You are afflicted with vampirism and can
                  | become a bat while bloodless. [Vampire growth]
    27 | D:5      | Reached XP level 3. HP: 18/28 MP: 3/3
    27 | D:5      | Reached XP level 4. HP: 21/34 MP: 4/4
    88 | D:4      | Noticed a phantom
   111 | D:4      | Slain by a phantom

Illustrated notes

Levels and vault maps discovered:
D:4:      layout_basic, cheibrodos_ashenzari_chains
D:5:      layout_rooms, nemelex_xobeh_ov_fountains_minmay, temple_green,
          gup_sewer_entry_pipe

Skill      XL: |  1 |
---------------+----+-----
Short Blades   | 3 |  3.8
Stealth        | 8 |  8.6
Fighting       | |  2.6
Dodging        | |  2.1

Action                     |  1- 3 |  4- 6 || total
---------------------------+-------+-------++-------
  Melee: Short sword       |     8 |    17 ||    25
         Bite              |     2 |     3 ||     5
    Use: Scroll            |       |     1 ||     1
         Potion            |       |     1 ||     1
 Armour: Leather armour    |       |     3 ||     3
  Dodge: Dodged            |    14 |    10 ||    24

Table legend: (Time is in decaauts)
 A = Elapsed time spent in this place.
 B = Non-inter-level travel time spent in this place.
 C = Inter-level travel time spent in this place.
 D = Time resting spent in this place.
 E = Time spent auto-exploring this place.
 F = Levels seen in this place.
 G = Mean time per level.
                   A        B        C        D        E       F      G
               +--------+--------+--------+--------+--------+-----+--------+
         Total |    106 |    106 |      0 |      0 |     62 |   2 |   53.0 |
       Dungeon |    106 |    106 |      0 |      0 |     62 |   2 |   53.0 |
               +--------+--------+--------+--------+--------+-----+--------+

Top non-repeatable levels by time:
     D:4: 69 daAuts
     D:5: 37 daAuts
